 Dungeon Crawl Stone Soup version 0.27-a0-869-g165b36e (webtiles) character file.

Game seed: 10415596158139822532

130991 Nithhogg the Severer (level 16, 0/146 HPs)
             Began as a Minotaur Fighter on Apr 2, 2021.
             Was a High Priest of the Shining One.
             Hit by a silver javelin thrown by a merfolk javelineer (2 damage)
             ... on level 4 of the Shoals.
             The game lasted 01:09:23 (34806 turns).

Nithhogg the Severer (Minotaur Fighter)            Turns: 34806, Time: 01:09:24

Health: 0/146      AC: 35    Str: 33    XL:     16   Next: 54%
Magic:  3/23       EV: 13    Int: 11    God:    the Shining One [*****.]
Gold:   1732       SH: 15    Dex: 17    Spells: 15/15 levels left

rFire    . . .     SeeInvis +   a - +7 broad axe of Circularity {freeze, Dex+5}
rCold    . . .     Faith    .   (no shield)
rNeg     + + +     Spirit   .   E - +5 crystal plate armour
rPois    .         Reflect  +   U - +2 hat {Will+}
rElec    .         Harm     .   O - +0 cloak
rCorr    .         Rampage  .   N - +0 pair of gloves
Will     +++..                  L - +1 pair of boots "Puar" {Str+3 Int+6}
Stlth    ..........             t - amulet of reflection
HPRegen  0.34/turn              r - ring of see invisible
MPRegen  0.18/turn              C - ring of Tida {rN+ Will+ Str+4}

@: divinely shielded, glowing, studying Unarmed Combat
A: horns 2, retaliatory headbutt
a: Renounce Religion, Divine Shield, Cleansing Flame, Summon Divine Warrior


You were on level 4 of the Shoals.
You worshipped the Shining One.
The Shining One was extremely pleased with you.
You visited 4 branches of the dungeon, and saw 25 of its levels.
You also visited: Sewer and Ice Cave.

You collected 2603 gold pieces.
You spent 871 gold pieces at shops.

Inventory:

Hand Weapons
 a - the +7 broad axe of Circularity (weapon) {freeze, Dex+5}
   (You found it on level 3 of the Lair of Beasts)

   It has been specially enchanted to freeze those struck by it, causing extra
   injury to most foes and up to half again as much damage against particularly
   susceptible opponents.
   It can also slow down cold-blooded creatures.
   It affects your dexterity (+5).
 w - a +2 antimagic broad axe
 Q - a +2 hand axe of flaming
Armour
 f - +0 ice dragon scales
 E - a +5 crystal plate armour (worn)
 L - the +1 pair of boots "Puar" (worn) {Str+3 Int+6}
   (You bought it in a shop on level 8 of the Dungeon)

   It affects your strength (+3).
   It affects your intelligence (+6).
 N - a +0 pair of gloves (worn)
 O - a +0 cloak (worn)
 U - a +2 hat of willpower (worn)
Jewellery
 e - an amulet of guardian spirit
 h - a ring of willpower
 r - a ring of see invisible (left hand)
 t - an amulet of reflection (around neck)
 y - a +4 ring of evasion
 C - the ring of Tida (right hand) {rN+ Will+ Str+4}
   (You bought it in a shop on level 6 of the Dungeon)

   [ring of willpower]

   It affects your strength (+4).
   It protects you from negative energy.
   It increases your willpower.
 Y - a ring of resist corrosion
Wands
 c - a wand of iceblast (8) (quivered)
 m - a wand of flame (20)
 x - a wand of random effects (79)
 G - a wand of polymorph (21)
 J - a wand of paralysis (21)
 K - a wand of charming (27)
 M - a wand of acid (7)
 P - a wand of mindburst (24)
Scrolls
 b - a scroll of immolation
 i - 6 scrolls of teleportation
 k - 2 scrolls of silence
 l - 6 scrolls of enchant weapon
 o - a scroll of fog
 p - 2 scrolls of magic mapping
 q - 2 scrolls of noise
 D - 16 scrolls of identify
 F - a scroll of brand weapon
 H - 2 scrolls of amnesia
Potions
 d - 2 potions of lignification
 j - 7 potions of flight
 n - 10 potions of attraction
 v - 6 potions of mutation
 z - 6 potions of ambrosia
 A - 3 potions of might
 B - a potion of brilliance
 I - 2 potions of heal wounds
 R - 3 potions of resistance
 T - a potion of cancellation
 W - 4 potions of curing
 Z - a potion of magic
Miscellaneous
 V - a lightning rod (4/4)


   Skills:
 + Level 14.3 Fighting
 * Level 18.5 Axes
 + Level 14.1 Armour
 + Level 12.6 Dodging
 - Level 3.6 Shields
 + Level 11.1 Invocations
 + Level 10.2 Evocations


You had 15 spell levels left.
You didn't know any spells.
Your spell library contained the following spells:

 Spells                   Type           Power      Damage    Failure   Level
 Beastly Appendage        Tmut           0%         N/A       99%         1
 Corona                   Hex            0%         N/A       99%         1
 Foxfire                  Conj/Fire      0%         2x1d4     99%         1
 Magic Dart               Conj           0%         1d3       99%         1
 Shock                    Conj/Air       0%         1d3       99%         1
 Summon Small Mammal      Summ           0%         N/A       99%         1
 Blink                    Tloc           N/A        N/A       100%        2
 Call Imp                 Summ           0%         N/A       100%        2
 Poisonous Vapours        Pois/Air       0%         N/A       100%        2
 Slow                     Hex            0%         N/A       100%        2
 Swiftness                Air            0%         N/A       100%        2
 Wereblood                Tmut           0%         N/A       100%        2
 Call Canine Familiar     Summ           0%         N/A       100%        3
 Confusing Touch          Hex            0%         N/A       100%        3
 Conjure Flame            Conj/Fire      0%         6-21      100%        3
 Gell's Gravitas          Tloc           0%         N/A       100%        3
 Inner Flame              Hex/Fire       0%         N/A       100%        3
 Mephitic Cloud           Conj/Pois/Air  0%         N/A       100%        3
 Spider Form              Tmut/Pois      0%         N/A       100%        3
 Static Discharge         Conj/Air       0%         N/A       100%        3
 Summon Guardian Golem    Hex/Summ       0%         N/A       100%        3
 Airstrike                Air            0%         N/A       100%        4
 Fulminant Prism          Conj/Hex       0%         3d6       100%        4
 Ice Form                 Ice/Tmut       0%         N/A       100%        4
 Petrify                  Tmut/Erth      0%         N/A       100%        4
 Sticky Flame             Conj/Fire      0%         2d3       100%        4
 Summon Ice Beast         Ice/Summ       0%         N/A       100%        4
 Summon Lightning Spire   Summ/Air       0%         N/A       100%        4
 Bolt of Magma            Conj/Fire/Erth 0%         4d4       100%        5
 Borgnjor's Vile Clutch   Necr/Erth      0%         N/A       100%        5
 Fireball                 Conj/Fire      0%         3d3       100%        5
 Hydra Form               Tmut           0%         N/A       100%        5
 Iskenderun's Battlesphe  Conj           0%         2d6       100%        5
 Lightning Bolt           Conj/Air       0%         1d11      100%        5
 Metabolic Englaciation   Hex/Ice        0%         N/A       100%        5
 Yara's Violent Unravell  Hex/Tmut       0%         3d3       100%        5
 Freezing Cloud           Conj/Ice/Air   0%         6-21      100%        6
 Iron Shot                Conj/Erth      0%         9d1       100%        6
 Orb of Destruction       Conj           0%         N/A       100%        7
 Spellforged Servitor     Conj/Summ      0%         N/A       100%        7


Dungeon Overview and Level Annotations

Branches:
Dungeon (14/15)            Temple (1/1) D:5            Lair (6/6) D:11
 Shoals (4/4) Lair:3       Spider (0/4) Lair:4        Slime (0/5) Lair:6
    Orc (0/2) D:9          Vaults (0/5) D:13          Sewer (visited)
  IceCv (visited)

Altars:
Ashenzari
Cheibriados
Dithmenos
Elyvilon
Fedhas
Gozag
Hepliaklqana
Kikubaaqudgha
Makhleb
Nemelex Xobeh
Okawaru
Qazlal
Ru
Sif Muna
Trog
Uskayaw
Vehumet
Wu Jian
Xom
Yredelemnul
Zin
The Shining One
Beogh

Shops:
D:6 (!(=   D:8 *

Annotations:
D:6 ring shop
Shoals:2 3 runed translucent doors, ees's ghost, adept MiBe


Innate Abilities, Weirdness & Mutations

You have a pair of horns on your head.
You reflexively headbutt those who attack you in melee.


Message History

The silver javelin pierces through you!
The merfolk impaler hits you but does no damage.
The merfolk aquamancer casts a spell at you.
The ball of steam hits you!
The merfolk aquamancer mumbles some strange words.
The merfolk aquamancer blinks!
Things that are here:
a +1 rapier of holy wrath; a +0 robe; a merfolk corpse A divine shield forms around you!
You are engulfed in a cloud of scalding steam.
The merfolk impaler barely misses you.
You block the merfolk javelineer's attack.
The merfolk javelineer throws a silver javelin.
The silver javelin pierces through you.
* * * LOW HITPOINT WARNING * * *
x2 The merfolk aquamancer barely misses you.
You block the merfolk impaler's attack.
You are momentarily dazzled by a brilliant light.
You are engulfed in a cloud of scalding steam.
* * * LOW HITPOINT WARNING * * *
The merfolk aquamancer misses you. The merfolk impaler closely misses you.
The merfolk javelineer throws a silver javelin.
The silver javelin pierces through you!
* * * LOW HITPOINT WARNING * * *
x2 The merfolk javelineer throws a silver javelin.
The silver javelin pierces through you!
* * * LOW HITPOINT WARNING * * *
x2 You block the merfolk impaler's attack.
The merfolk aquamancer hits you but does no damage.
Blink to where?
Press: ? - help, Dir - move target
As you read the scroll of blinking, it crumbles to dust.
Your daeva barely misses the merfolk aquamancer.
Your daeva hits the merfolk aquamancer with a +3 eudemon blade of holy wrath!
The merfolk aquamancer dies!
There is a stone staircase leading up here.
The merfolk javelineer throws a silver javelin.
The silver javelin pierces through you.
* * * LOW HITPOINT WARNING * * *
You die...

#....m#...≈≈≈≈≈≈≈≈≈≈≈≈≈P≈P≈PP..
#..S.))......≈.≈≈≈≈≈≈P≈P≈≈≈≈P..
#...m.#m.......≈≈≈≈≈≈≈≈P≈≈.P...
##.(.##..A.....≈≈≈≈≈≈≈≈≈≈......
#####.........≈≈≈≈≈≈≈PP≈......
≈≈...........≈≈≈≈≈≈≈≈≈.......
≈≈≈...............≈≈÷≈≈≈...###
≈≈.........m........÷≈≈≈≈≈..#.
≈............@......≈≈≈≈≈≈≈...
≈..≈...........##...≈≈≈≈≈≈≈≈<≈
≈≈≈≈≈≈≈≈......####...≈≈≈≈≈≈≈≈≈
.≈..≈......[####).≈≈≈≈≈≈≈≈≈≈
.≈≈...≈≈≈...##.)≈≈≈≈≈≈≈≈≈≈≈
≈≈..≈≈≈≈...))..≈≈≈≈≈≈≈≈≈≈≈
≈≈..≈≈≈......≈≈≈≈≈≈≈≈≈≈≈≈≈
≈..≈≈≈≈..≈≈≈≈≈≈≈≈≈≈≈≈≈≈≈≈
≈≈≈≈≈≈≈[≈≈≈≈≈≈≈≈≈≈≈≈≈≈≈


You could see a merfolk javelineer, a merfolk aquamancer and a friendly daeva
(summoned).

Vanquished Creatures
  A kraken (Shoals:1)
  Frances (D:14)
  A sphinx (D:12)
  A fire giant (D:12)
  Donald (Shoals:1)
  An ironbound preserver (D:13)
  An entropy weaver (shapeshifter) (D:12)
  The ghost of Ischud the Cleaver, a journeyman MiBe of Trog (Lair:3)
  3 merfolk javelineers
  4 merfolk impalers
  A fire dragon (D:12)
  The ghost of Illumine the Cleaver, a journeyman MiFi of Okawaru (D:9)
  2 ice dragons (IceCv)
  7 boulder beetles
  3 hydras
  9 two-headed ogres
  4 catoblepae (Lair:6)
  2 merfolk aquamancers
  An ogre mage (D:12)
  A satyr (Shoals:3)
  6 centaur warriors
  13 death yaks
  The ghost of Imailete the Nimble, a journeyman FeTm of Ru (Lair:4)
  Urug (D:12)
  A fire crab (shapeshifter) (D:13)
  5 sea snakes
  2 flayed ghosts (D:12)
  2 deep elf pyromancers
  13 harpies
  A lindwurm (Lair:6)
  2 oklob plants (Lair:2)
  A wolf spider (Lair:4)
  2 ugly things (D:12)
  7 fauns
  12 manticores
  A moth of wrath (shapeshifter) (D:12)
  2 cyclopes
  7 black mambas
  5 elephants (Lair:6)
  Maurice (D:8)
  10 merfolk sirens
  2 ice statues (IceCv)
  4 water nymphs
  A gargoyle (D:12)
  Joseph (D:9)
  14 cane toads
  2 unseen horrors
  A kobold demonologist (D:13)
  Psyche (D:8)
  2 freezing wraiths
  4 rime drakes
  An efreet (D:13)
  A komodo dragon (shapeshifter) (D:12)
  A tengu conjurer (D:12)
  6 komodo dragons
  3 trolls
  21 merfolk
  A queen bee (Lair:3)
  3 jumping spiders (Lair:4)
  2 polar bears
  2 hornets (Lair:3)
  Grinder (D:5)
  4 wind drakes
  12 blink frogs
  9 slime creatures
  A blink frog (shapeshifter) (D:14)
  9 snapping turtles
  A raiju (shapeshifter) (D:13)
  5 wraiths
  8 dream sheep
  2 vampires (D:12)
  A centaur simulacrum (D:12)
  A redback (Lair:4)
  3 shadows
  5 wyverns
  37 yaks
  2 water elementals
  4 basilisks
  2 steam dragons
  Grum (D:8)
  Eustachio (D:4)
  12 vampire mosquitoes
  3 acid dragons
  2 wargs (D:9)
  14 water moccasins
  8 orc warriors
  Purgy (Sewer)
  16 ice beasts
  A sky beast (D:7)
  A necrophage (D:6)
  A black bear (Lair:4)
  22 wolves
  3 ogres
  13 centaurs
  Blork the orc (D:5)
  A kobold brigand (D:8)
  16 bullfrogs
  A gnoll sergeant (D:9)
  3 scorpions
  A water moccasin zombie (D:6)
  A water moccasin skeleton (D:6)
  4 howler monkeys
  5 killer bees (Lair:3)
  4 wights
  4 centaur zombies
  2 bullfrog skeletons
  10 orc priests
  2 hounds
  A jelly (D:4)
  3 centaur skeletons
  A gnoll shaman (D:8)
  Natasha (thrice) (D:4)
  3 iguanas
  9 orc wizards
  12 hell rats (Lair:4)
  A killer bee zombie (D:6)
  A hound skeleton (D:4)
  2 howler monkey zombies
  12 gnolls
  A howler monkey skeleton (D:4)
  8 adders
  A shadow imp (D:7)
  2 white imps
  An ufetubus (D:6)
  2 adder skeletons
  2 worms
  46 orcs
  4 bats
  7 endoplasms
  5 giant cockroaches
  9 goblins
  4 hobgoblins
  4 jackals (D:2)
  20 kobolds
  5 quokkas
  13 ball pythons
  8 frilled lizards
  5 rats
  4 tentacles (Shoals:1)
674 creatures vanquished.

Vanquished Creatures (collateral kills)
  Ilsuiw (Shoals:4)
  2 merfolk javelineers (Shoals:4)
  A merfolk impaler (Shoals:4)
  A merfolk aquamancer (Shoals:4)
  A merfolk (Shoals:4)
  A snapping turtle (Shoals:4)
7 creatures vanquished.

Vanquished Creatures (others)
  A merfolk siren (Shoals:3)
  A merfolk (Shoals:3)
  A centaur (Shoals:4)
  30 fungi
  66 plants
  7 tentacles (Shoals:1)
106 creatures vanquished.

Grand Total: 787 creatures vanquished

Notes
Turn   | Place    | Note
-------+----------+-------------------------------------------
     0 | D:1      | Nithhogg the Minotaur Fighter began the quest for the Orb.
     0 | D:1      | Reached XP level 1. HP: 19/19 MP: 0/0
   366 | D:1      | Reached XP level 2. HP: 27/27 MP: 1/1
   406 | D:1      | Reached skill level 3 in Axes
   625 | D:1      | Reached skill level 1 in Dodging
   847 | D:1      | Found a faded altar of an unknown god.
   905 | D:1      | Reached XP level 3. HP: 33/33 MP: 2/2
  1325 | D:2      | Noticed an ogre
  1330 | D:2      | Killed an ogre
  1331 | D:2      | Reached skill level 4 in Axes
  1331 | D:2      | Reached XP level 4. HP: 41/41 MP: 3/3
  1339 | D:2      | Reached XP level 5. HP: 28/47 MP: 4/4
  1743 | D:2      | Found a glowing golden altar of the Shining One.
  1781 | D:2      | Became a worshipper of the Shining One
  2657 | D:3      | Found a shimmering blue altar of Sif Muna.
  2866 | D:4      | Noticed Natasha
  2876 | D:4      | Killed Natasha
  2883 | D:4      | Noticed Eustachio
  2895 | D:4      | Reached skill level 5 in Axes
  2923 | D:4      | Killed Eustachio
  2923 | D:4      | Reached * piety under the Shining One
  2924 | D:4      | Reached skill level 5 in Fighting
  2924 | D:4      | Reached skill level 5 in Armour
  2924 | D:4      | Reached XP level 6. HP: 10/56 MP: 5/5
  3339 | D:4      | Found a glowing drain.
  3348 | Sewer    | Entered a sewer
  3403 | Sewer    | Noticed Purgy
  3405 | Sewer    | Killed Purgy
  3406 | Sewer    | Reached skill level 6 in Axes
  3406 | Sewer    | Reached XP level 7. HP: 58/61 MP: 6/6
  3522 | D:4      | Noticed Natasha
  3530 | D:4      | Killed Natasha
  3960 | D:4      | Noticed Natasha
  3961 | D:4      | Killed Natasha
  3997 | D:5      | Entered Level 5 of the Dungeon
  4007 | D:5      | Found a staircase to the Ecumenical Temple.
  4019 | Temple   | Entered the Ecumenical Temple
  4519 | D:5      | Noticed Grinder
  4531 | D:5      | Paralysed by Grinder for 6 turns
  4541 | D:5      | Killed Grinder
  4542 | D:5      | Reached skill level 7 in Axes
  4644 | D:5      | Reached XP level 8. HP: 70/70 MP: 7/7
  4677 | D:5      | Noticed Blork the orc
  4682 | D:5      | Killed Blork the orc
  4826 | D:5      | Found an opulent altar of Gozag.
  4877 | D:5      | Reached ** piety under the Shining One
  4878 | D:5      | Reached skill level 1 in Invocations
  4996 | D:5      | Reached skill level 1 in Evocations
  5408 | D:6      | Found Sofi Vasch's Weapon Emporium.
  5412 | D:6      | Reached skill level 8 in Axes
  5431 | D:6      | Found Dunuzut's Distillery.
  5794 | D:6      | Found Xeiruitz's Jewellery Shop.
  5839 | D:6      | Found Ejojius's Antique Weapon Boutique.
  5852 | D:6      | Found a shadowy altar of Dithmenos.
  6125 | D:7      | Reached skill level 5 in Dodging
  6177 | D:7      | Reached XP level 9. HP: 45/79 MP: 9/9
  6486 | D:7      | Reached skill level 9 in Axes
  6970 | D:7      | Reached *** piety under the Shining One
  7095 | D:8      | Noticed Psyche
  7101 | D:8      | Killed Psyche
  7366 | D:8      | Noticed Maurice
  7556 | D:8      | Noticed Grum
  7571 | D:8      | HP: 2/81 [Grum/+0 spear (12)]
  7572 | D:8      | Killed Grum
  7573 | D:8      | Reached skill level 10 in Axes
  7922 | D:8      | Killed Maurice
  7923 | D:8      | Reached XP level 10. HP: 88/88 MP: 10/12
  8448 | D:8      | Found Lujeud's Assorted Antiques.
  8455 | D:8      | Bought a pair of ichor-stained boots for 247 gold pieces
  8455 | D:8      | Identified the +1 pair of boots "Puar" {Str+3 Int+6} (You
                  | bought it in a shop on level 8 of the Dungeon)
  8652 | D:9      | Found a runed translucent door.
  8652 | D:9      | Noticed Illumine's ghost (journeyman MiFi)
  8652 | D:9      | Noticed a four-headed hydra
  9083 | D:8      | Identified a scroll of acquirement
  9083 | D:8      | Acquired a +2 crystal plate armour
  9615 | D:9      | Noticed Joseph
  9621 | D:9      | Killed Joseph
  9916 | D:9      | Found a staircase to the Orcish Mines.
  9975 | D:9      | Reached skill level 11 in Axes
 10304 | D:9      | Killed Illumine's ghost
 10305 | D:9      | Reached skill level 5 in Invocations
 10583 | D:10     | Entered Level 10 of the Dungeon
 10651 | D:10     | Noticed a two-headed ogre
 10658 | D:10     | Killed a two-headed ogre
 10765 | D:10     | Reached XP level 11. HP: 96/97 MP: 13/13
 10818 | D:10     | Found a snail-covered altar of Cheibriados.
 11107 | D:10     | Noticed a two-headed ogre
 11117 | D:10     | Killed a two-headed ogre
 11398 | D:11     | Reached **** piety under the Shining One
 11406 | D:10     | Reached skill level 5 in Evocations
 11431 | D:10     | Reached skill level 12 in Axes
 11740 | D:11     | Found a staircase to the Lair.
 12180 | D:11     | Noticed a two-headed ogre
 12183 | D:11     | Killed a two-headed ogre
 12380 | D:11     | Reached skill level 10 in Fighting
 12760 | D:12     | Noticed a two-headed ogre
 12767 | D:12     | Killed a two-headed ogre
 12768 | D:12     | Reached skill level 10 in Armour
 12768 | D:12     | Reached XP level 12. HP: 72/106 MP: 15/15
 12947 | D:12     | Reached ***** piety under the Shining One
 12964 | D:12     | Found a runed translucent door.
 12964 | D:12     | Noticed an ogre mage
 12965 | D:12     | Noticed a boulder beetle
 12965 | D:12     | Noticed a centaur warrior
 12966 | D:12     | Noticed a centaur warrior
 12973 | D:12     | Reached skill level 13 in Axes
 12978 | D:12     | Killed an ogre mage
 12985 | D:12     | Noticed a sphinx
 13221 | D:12     | Found a runed translucent door.
 13240 | D:12     | Killed a centaur warrior
 13244 | D:12     | Killed a sphinx
 13395 | D:12     | Noticed Urug
 13402 | D:12     | Killed Urug
 13639 | D:12     | Noticed a two-headed ogre
 13645 | D:12     | Killed a two-headed ogre
 14058 | D:12     | Killed a centaur warrior
 14229 | D:12     | Noticed a two-headed ogre
 14235 | D:12     | Killed a boulder beetle
 14236 | D:12     | Reached skill level 14 in Axes
 14532 | D:12     | Noticed a two-headed ogre
 14532 | D:12     | Noticed a boulder beetle
 14534 | D:12     | Noticed a fire dragon
 14536 | D:12     | Noticed a fire giant
 14541 | D:12     | Noticed a two-headed ogre
 14544 | D:12     | a two-headed ogre changed into a slime creature
 14599 | D:12     | Noticed a two-headed ogre
 14605 | D:12     | Killed a two-headed ogre
 14761 | D:12     | Noticed a spark wasp
 14761 | D:12     | Noticed a catoblepas
 14762 | D:12     | Noticed a satyr
 14766 | D:12     | Noticed an entropy weaver
 14766 | D:12     | a spark wasp changed into an entropy weaver
 14890 | D:12     | Noticed a golden dragon
 14893 | D:12     | Noticed a fire giant
 14977 | D:13     | Noticed a boulder beetle
 14980 | D:13     | Noticed an ironbound preserver
 15014 | D:13     | Noticed a centaur warrior
 15024 | D:13     | Killed a centaur warrior
 15206 | D:13     | Killed an ironbound preserver
 15207 | D:13     | Reached XP level 13. HP: 76/116 MP: 5/17
 15343 | D:13     | Found a gate to the Vaults.
 18293 | D:14     | Reached skill level 10 in Dodging
 18312 | D:14     | Noticed Frances
 18331 | D:14     | Killed Frances
 18332 | D:14     | Reached skill level 15 in Axes
 18822 | Lair:1   | Entered Level 1 of the Lair of Beasts
 19391 | Lair:1   | Found a hide-covered altar of Uskayaw.
 19393 | Lair:1   | Found an ornate altar of the Wu Jian Council.
 20407 | Lair:2   | Reached XP level 14. HP: 124/126 MP: 19/19
 21142 | Lair:2   | Identified the Guide on Ashen Execration
 21588 | Lair:3   | Found a staircase to the Shoals.
 22139 | Lair:3   | Noticed Ischud's ghost (journeyman MiBe)
 22150 | Lair:3   | Reached ****** piety under the Shining One
 22226 | Lair:3   | Found a transporter.
 22230 | Lair:3   | Found a transporter.
 22271 | Lair:3   | Killed Ischud's ghost
 22314 | Lair:3   | Paralysed by a hornet for 3 turns
 22530 | Lair:3   | Identified the +7 broad axe of Circularity {freeze, Dex+5}
 23311 | Lair:4   | Found a runed translucent door.
 23313 | Lair:4   | Noticed Imailete's ghost (journeyman FeTm)
 23314 | Lair:4   | Found the +9 sword of Zonguldrok {reap}
 23382 | Lair:4   | Found a frozen archway.
 23389 | IceCv    | Entered an ice cave
 23681 | IceCv    | Reached skill level 16 in Axes
 24545 | Lair:4   | Found a hole to the Spider Nest.
 24788 | Lair:4   | Killed Imailete's ghost
 26328 | Lair:6   | Entered Level 6 of the Lair of Beasts
 26592 | Lair:6   | Reached XP level 15. HP: 124/134 MP: 19/21
 26908 | Lair:6   | Reached skill level 10 in Invocations
 27209 | Lair:6   | Reached skill level 17 in Axes
 27518 | D:6      | Bought the ring of Tida {rN+ Will+ Str+4} for 624 gold
                  | pieces
 27789 | D:12     | Killed a fire giant
 28734 | Lair:6   | Found a staircase to the Slime Pits.
 29285 | Shoals:1 | Entered Level 1 of the Shoals
 29285 | Shoals:1 | Noticed a kraken
 29707 | Shoals:1 | Noticed Donald
 29715 | Shoals:1 | Killed Donald
 29833 | Shoals:1 | Noticed a kraken
 29850 | Shoals:1 | Killed a kraken
 31093 | Shoals:2 | Found a runed translucent gate.
 31093 | Shoals:2 | Found a runed translucent gate.
 31093 | Shoals:2 | Found a runed translucent gate.
 31093 | Shoals:2 | Noticed ees's ghost (adept MiBe)
 31370 | Shoals:3 | Reached XP level 16. HP: 72/145 MP: 23/23
 31376 | Shoals:3 | Reached skill level 18 in Axes
 32331 | Shoals:3 | Reached skill level 10 in Evocations
 33180 | Shoals:3 | Upgraded the game from 0.27-a0-861-g9529aa9 to
                  | 0.27-a0-869-g165b36e
 33312 | Shoals:4 | Entered Level 4 of the Shoals
 33314 | Shoals:4 | Noticed Ilsuiw
 33697 | Shoals:4 | HP: 6/146 [merfolk javelineer/javelin (5)]
 33697 | Shoals:4 | The Shining One protects you from harm!
 34142 | Shoals:4 | Killed Ilsuiw
 34647 | Shoals:4 | Identified the +1 leather armour of Fun {+Inv rF+ Dex+3}
 34802 | Shoals:4 | HP: 5/146 [merfolk javelineer/silver javelin (3)]
 34806 | Shoals:4 | HP: 2/146 [merfolk javelineer/silver javelin (5)]
 34806 | Shoals:4 | Hit by a silver javelin thrown by a merfolk javelineer

Illustrated notes

Levels and vault maps discovered:
D:1:      minmay_arrival_radiant_lines, layout_loops_corners,
          basic_ecumenical_altar, minmay_cupped
D:2:      layout_loops_ring, basic_altar
D:3:      layout_basic, nicolae_sif_muna_little_library
D:4:      layout_basic, portal_sewer_entry_b, uniq_eustachio, uniq_natasha
D:5:      layout_gridville, nicolae_gozag_cash_rules_everything_around_me,
          minmay_temple_entry_junction, hangedman_abyss_or_decor_lesser_grid,
          uniq_grinder, uniq_blork_the_orc
D:6:      minmay_spotlight, layout_cave_pools, nicolae_dithmenos_shadow_blocks,
          serial_shops, shop, shop, shop_statue, shop_statue
D:7:      layout_basic
D:8:      layout_cave_pods, serial_shops, nicolae_shop_stone, dk_noncrumbling_4,
          minmay_fractal_squares_diagonal_5, uniq_maurice, uniq_grum,
          uniq_psyche
D:9:      layout_irregular_city, david_orc_1_choice,
          hellmonk_ghost_happy_afterlife, chequers_serial_rivers_large_b,
          hangedman_decor_points, uniq_joseph
D:10:     layout_loops_ring, overflow_temple_1_default, minivault_24,
          grunt_ministairs_4
D:11:     layout_roguey, minmay_lair_entry_grove, special_room
          [special_room_orc]
D:12:     minmay_expanding_circles, layout_loops_ring, uniq_urug
D:13:     layout_basic, skrybe_vaults_entry_preservation
D:14:     layout_roguey, minmay_crystal_room, okawaru_gym_becter, uniq_frances
Temple:   hc_temple_tempest_star
Lair:1:   beast_lair_carwin_large_2, layout_misc_corridors,
          nzn_masters_of_martial_movement, infiniplex_staircase_pool,
          grunt_megastairs_3
Lair:2:   layout_regular_city, minmay_lair_oklob_chamber
Lair:3:   layout_hall_layers, minmay_shoals_entry_centaurs,
          gammafunk_ghost_hive, chequers_serial_rivers_small_3,
          serial_bayou_shore_b
Lair:4:   layout_regular_city, spider_nest_entry_funnel_web,
          portal_ice_cave_entry_pillars_2, ebering_ghost_reflecting_pool,
          grunt_megastairs_2
Lair:5:   layout_roguey, gauntlet_entry_generic, serial_bayou_shore_b
Lair:6:   evilmike_catoblepas_cave, layout_small_grid,
          minmay_slime_entry_pillars
Shoals:1: layout_shoals, uniq_donald
Shoals:2: layout_shoals, ebering_ghost_rock_garden
Shoals:3: layout_shoals, nicolae_shoals_isolated_beach
Shoals:4: shoals_end_simple, layout_shoals, shoals_ilsuiw_alternative

Skill      XL: |  1  2  3  4  5  6  7  8  9 10 11 12 13 14 15 16 |
---------------+-------------------------------------------------+-----
Axes           | 3 4 5 6 7 8 10 11 12 14 15 16 17 18 | 18.5
Dodging        | 1 2 3 4 5 6 7 8 9 10 11 12 | 12.6
Fighting       | 4 5 6 7 8 9 10 11 12 13 14 | 14.3
Armour         | 4 5 6 7 9 10 11 12 13 14 | 14.1
Invocations    | 2 4 5 6 7 8 9 10 11 | 11.1
Evocations     | 2 3 4 5 7 8 9 10 | 10.2
Shields        | |  3.6

Action                   |  1- 3 |  4- 6 |  7- 9 | 10-12 | 13-15 | 16-18 || total
-------------------------+-------+-------+-------+-------+-------+-------++-------
Melee: War axe           |    73 |    33 |       |       |       |       ||   106
       Headbutt          |     8 |    15 |    17 |    69 |   350 |    30 ||   489
       Dagger            |       |    88 |       |       |       |       ||    88
       Unarmed           |       |     8 |     5 |       |       |       ||    13
       Halberd           |       |     6 |   187 |   375 |       |       ||   568
       Broad axe         |       |       |       |    81 |   570 |   151 ||   802
       Hand axe          |       |       |       |       |   574 |       ||   574
Invok: Divine Shield     |       |       |       |     1 |     2 |     1 ||     4
       Cleansing Flame   |       |       |       |       |     3 |     8 ||    11
       Summon Divine War |       |       |       |       |       |     4 ||     4
Evoke: Wand              |       |       |       |       |    19 |     4 ||    23
  Use: Scroll            |     2 |     4 |       |     9 |    16 |     4 ||    35
       Potion            |     1 |     8 |     1 |     8 |     2 |       ||    20
Armor: Scale mail        |    32 |    28 |    59 |    17 |       |       ||   136
       Skin              |       |    60 |       |     7 |       |       ||    67
       Crystal plate arm |       |       |       |   351 |   710 |   174 ||  1235
       Ice dragon scales |       |       |       |       |     4 |       ||     4
Dodge: Dodged            |    52 |    57 |   106 |   154 |   479 |   142 ||   990
Block: Other             |       |       |       |     1 |    12 |    51 ||    64
       Reflection        |       |       |       |       |     2 |     3 ||     5

Table legend: (Time is in decaauts)
 A = Elapsed time spent in this place.
 B = Non-inter-level travel time spent in this place.
 C = Inter-level travel time spent in this place.
 D = Time resting spent in this place.
 E = Time spent auto-exploring this place.
 F = Levels seen in this place.
 G = Mean time per level.
                   A        B        C        D        E       F      G
               +--------+--------+--------+--------+--------+-----+--------+
         Total |  34867 |  33416 |   1451 |   6293 |  22175 |  27 | 1291.4 |
       Dungeon |  19469 |  18619 |    850 |   3906 |  12151 |  14 | 1390.6 |
        Temple |    351 |    327 |     24 |      0 |    327 |   1 |  351.0 |
          Lair |   8155 |   7707 |    448 |    807 |   5469 |   6 | 1359.2 |
        Shoals |   5687 |   5559 |    128 |   1221 |   3617 |   4 | 1421.8 |
         Sewer |    143 |    143 |      0 |      0 |    110 |   1 |  143.0 |
      Ice Cave |   1058 |   1058 |      0 |    359 |    500 |   1 | 1058.0 |
               +--------+--------+--------+--------+--------+-----+--------+

Top non-repeatable levels by time:
    D:12: 3926 daAuts
Shoals:3: 2574 daAuts
    D:13: 2302 daAuts
     D:8: 1877 daAuts
  Lair:3: 1630 daAuts
  Lair:6: 1610 daAuts
     D:9: 1468 daAuts
  Lair:2: 1394 daAuts
  Lair:1: 1350 daAuts
Shoals:2: 1344 daAuts
     D:7: 1336 daAuts
     D:1: 1279 daAuts
    D:10: 1189 daAuts
  Lair:5: 1183 daAuts
    D:11: 1133 daAuts
